[Event "WYCC 2018 G14"]
[Site "Halkidiki"]
[Date "2018.10.21"]
[Round "2"]
[White "Kasaeva, Sofiia"]
[Black "Galvan Cipriani, Viviana"]
[Result "1/2-1/2"]
[ECO "B23"]
[WhiteElo "1874"]
[BlackElo "2109"]
[Annotator "NA"]
[PlyCount "73"]
[EventDate "2018.10.20"]
[EventType "swiss"]
[EventCountry "GRE"]
[SourceTitle "playchess.com"]
[Source "ChessBase"]
[SourceQuality "1"]
[TimeControl "40/5400+30:1800+30"]

1. e4 c5 2. Nc3 Nc6 3. Nge2 e5 4. Nd5 g6 5. Nec3 {[%emt 0:01:24] B23: Closed Sicilian: Lines without g3} a6 (5... Nd4 6. Bc4 Bg7 7. d3 d6 8. O-O Nh6 9. Bd2 O-O 10. Qc1 Qh4 11. f3 Rb8 12. a4 a6 {1-0 (22) Mamedov,R (2650)-Akkozov,B (2360) Tashkent 2016}) 6. d3 Bg7 7. Bg5 $146 ({Predecessor:} 7. g3 d6 8. Bg2 h6 9. O-O Nge7 10. f4 exf4 11. gxf4 f5 12. Nxe7 Nxe7 13. exf5 Nxf5 {0-1 (48) Vallejo Pons,F (2355)-Foisor,O (2475) Zaragoza 1996}) 7... f6 8. Be3 d6 9. a4 Be6 10. Be2 Rb8 11. O-O Nh6 (11... Nge7 $11 {bleibt in der Remisbreite.}) 12. Qd2 Ng4 13. Bxg4 Bxg4 14. f4 exf4 15. Rxf4 Be6 16. Rf2 O-O 17. Bh6 b5 18. Bxg7 Kxg7 19. Nf4 Bf7 20. axb5 axb5 21. Raf1 Ne7 22. Rf3 b4 23. Ncd5 Nxd5 24. exd5 g5 25. Ne6+ Bxe6 26. dxe6 Qe7 27. Qe3 Rbe8 28. Re1 f5 29. d4 $11 f4 30. Qe4 cxd4 31. Qxd4+ Rf6 32. Rd3 Rd8 33. Rb3 Rc8 34. Qe4 Re8 35. Qd4 Rc8 36. Qe4 Re8 37. Qd4 1/2-1/2

[Event "WYCC 2018 G14"]
[Site "Halkidiki"]
[Date "2018.10.21"]
[Round "2"]
[White "Velea, Anne-Marie"]
[Black "Krasteva, Beloslava"]
[Result "1/2-1/2"]
[ECO "B51"]
[WhiteElo "1859"]
[BlackElo "2089"]
[Annotator "NA"]
[PlyCount "65"]
[EventDate "2018.10.20"]
[EventType "swiss"]
[EventCountry "GRE"]
[SourceTitle "playchess.com"]
[Source "ChessBase"]
[SourceQuality "1"]
[TimeControl "40/5400+30:1800+30"]

1. e4 c5 2. Nf3 d6 3. Bb5+ Nd7 4. d4 a6 5. Bxd7+ Bxd7 6. Nc3 cxd4 7. Qxd4 Rc8 8. O-O e5 9. Qd3 h6 10. Nd2 Qc7 11. a4 Nf6 12. Rd1 Be7 13. Nf1 O-O 14. Ne3 Be6 15. Ncd5 (15. a5 $11 {keeps the balance.}) 15... Bxd5 (15... Nxd5 $17 16. Nxd5 Bxd5 17. Qxd5 Qxc2) 16. exd5 Rfe8 17. c3 $15 Bf8 18. Qf5 Qd7 19. Qf3 e4 20. Qe2 g6 21. a5 Bg7 22. Bd2 Qe7 23. Rab1 Nd7 24. Nc4 Nc5 25. Bf4 Nd3 26. Bxd6 Qd8 27. b3 Bxc3 28. Ba3 Qxd5 29. Nb6 Qf5 30. Nxc8 Rxc8 31. Bc1 h5 32. Bd2 Be5 33. Be3 1/2-1/2

[Event "WYCC 2018 G14"]
[Site "Halkidiki"]
[Date "2018.10.21"]
[Round "2"]
[White "Tamrazyan, Gohar"]
[Black "Jyothsna L"]
[Result "0-1"]
[ECO "A06"]
[WhiteElo "1824"]
[BlackElo "2060"]
[Annotator "NA"]
[PlyCount "96"]
[EventDate "2018.10.20"]
[EventType "swiss"]
[EventCountry "GRE"]
[SourceTitle "playchess.com"]
[Source "ChessBase"]
[SourceQuality "1"]
[TimeControl "40/5400+30:1800+30"]

1. Nf3 d5 2. e3 c5 3. b3 Nc6 4. Bb2 Bg4 5. Be2 e6 6. O-O Nf6 7. d4 Bxf3 {[%emt 0:06:21] A06: Réti Opening:1 Nf3 d5} 8. Bxf3 cxd4 9. exd4 g6 $146 ({Predecessor:} 9... Qb6 10. Qd3 Rc8 11. a3 Bd6 12. g3 O-O 13. Bg2 {0-1 (62) Popchev,M (2426)-Dimitrov,R (2437) Sunny Beach 2013}) 10. Nd2 Bg7 11. Be2 O-O 12. Nf3 Rc8 13. c4 Ne4 14. Rc1 Bh6 15. Rb1 Qa5 16. a3 Nc3 17. Bxc3 Qxc3 18. cxd5 exd5 19. Bb5 Bg7 20. Bxc6 bxc6 21. Re1 Qa5 22. a4 c5 23. dxc5 Qxc5 24. b4 Qd6 25. Nd4 Qb6 26. Ne2 Rfd8 27. Nf4 d4 28. Nd3 Rc3 29. Rb3 Qc6 30. Rxc3 dxc3 31. Qc2 Qc4 32. Rd1 a6 33. g3 h5 34. h4 Rd5 35. Kh2 Qe4 36. Kg1 Bf6 37. f4 Be7 38. Kh2 Bxb4 39. Kg1 a5 40. Kh2 Qf3 41. Nf2 Rd2 42. Rxd2 cxd2 43. Nd1 Qe2+ 44. Kh3 Bc5 45. Qxc5 Qxd1 46. Qc8+ Kg7 47. Qc3+ Kh7 48. Qc6 Qg4+ 0-1

[Event "WYCC 2018 G14"]
[Site "Halkidiki"]
[Date "2018.10.21"]
[Round "2"]
[White "Jaufarally, Nadia"]
[Black "Wikar, Martyna"]
[Result "0-1"]
[ECO "B30"]
[WhiteElo "1810"]
[BlackElo "2024"]
[Annotator "NA"]
[PlyCount "96"]
[EventDate "2018.10.20"]
[EventType "swiss"]
[EventCountry "GRE"]
[SourceTitle "playchess.com"]
[Source "ChessBase"]
[SourceQuality "1"]
[TimeControl "40/5400+30:1800+30"]

1. e4 c5 2. Nf3 Nc6 3. Bb5 Na5 4. d4 a6 {[%emt 0:01:12] B30: Sizilianisch (Rossolimo-Variante)} 5. Bd3 e6 (5... cxd4 6. Nxd4 Nc6 7. Nxc6 dxc6 8. f4 e5 9. fxe5 Bc5 10. Nd2 Nh6 11. Nf3 Ng4 12. Qe2 {0-1 (32) Laznicka,V (2677)-Jakubiec,A (2515) Czechia 2013}) 6. O-O c4 $146 ({Vorgänger:} 6... cxd4 7. Nxd4 Ne7 8. Nc3 Ng6 9. Kh1 b5 10. f4 Bc5 11. Nf3 Nc6 {0-1 (32) Kula,D (2150)-Certek,P (2264) Tatranske Zruby 2015}) 7. Be2 d5 8. e5 Ne7 9. Bg5 Qc7 10. Bxe7 Bxe7 11. Ne1 Nc6 12. c3 O-O 13. f4 f6 14. Nf3 b5 15. a3 a5 16. Nbd2 fxe5 17. Nxe5 Nxe5 18. fxe5 Bd7 19. Bg4 Qb6 20. Qe2 b4 21. axb4 axb4 22. Rxa8 Rxa8 23. Qf3 Rf8 24. Qh3 Rxf1+ 25. Nxf1 Bg5 26. Qf3 bxc3 27. bxc3 Qb1 28. Qh3 Kf8 29. Qf3+ Ke7 30. g3 Be8 31. h4 Bh6 32. Bh3 Bg6 33. g4 Be4 34. Qf2 Qd3 35. Bg2 Bxg2 36. Kxg2 Bc1 37. Qa2 Qe4+ 38. Kf2 Qxg4 39. Qa7+ Kf8 40. Qb8+ Kf7 41. Qb7+ Kg6 42. Ng3 {[%emt 0:11:25] [#]} Be3+ $1 43. Kxe3 Qxg3+ 44. Kd2 Qd3+ 45. Ke1 Qxc3+ 46. Kf1 Qxd4 47. Qc7 Qxh4 48. Qd6 $19 Qf4+ 0-1

[Event "WYCC 2018 G14"]
[Site "Halkidiki"]
[Date "2018.10.21"]
[Round "2"]
[White "Somton, Anita"]
[Black "Burdot, Clara"]
[Result "1/2-1/2"]
[ECO "B01"]
[WhiteElo "1787"]
[BlackElo "1472"]
[Annotator "NA"]
[PlyCount "61"]
[EventDate "2018.10.20"]
[EventType "swiss"]
[EventCountry "GRE"]
[SourceTitle "playchess.com"]
[Source "ChessBase"]
[SourceQuality "1"]
[TimeControl "40/5400+30:1800+30"]

1. e4 d5 2. exd5 Qxd5 3. Nc3 Qd6 4. d4 Nf6 5. Nf3 c6 6. Ne5 Nbd7 7. Nc4 Qc7 8. Qf3 Nb6 9. Bf4 Qd8 10. Be5 Bg4 11. Qf4 Be6 12. Bc7 Nbd5 13. Qxf6 Qxc7 14. Qf3 g6 15. Nxd5 Bxd5 16. Qg3 Qxg3 17. hxg3 Bg7 18. c3 h5 19. Ne3 O-O-O 20. Nxd5 cxd5 21. O-O-O a6 22. a4 Rhe8 23. f4 f6 24. Bd3 f5 25. Rde1 Rd6 26. Re2 Bf6 27. Kb1 Kb8 28. Rhe1 Rh8 29. Rh1 Rdd8 30. Re6 Rdg8 31. Bc2 1/2-1/2

[Event "WYCC 2018 G14"]
[Site "Halkidiki"]
[Date "2018.10.21"]
[Round "2"]
[White "Murzina, Agata"]
[Black "Eizaguerri Floris, Maria"]
[Result "0-1"]
[ECO "B25"]
[WhiteElo "1768"]
[BlackElo "1987"]
[Annotator "NA"]
[PlyCount "100"]
[EventDate "2018.10.20"]
[EventType "swiss"]
[EventCountry "GRE"]
[SourceTitle "playchess.com"]
[Source "ChessBase"]
[SourceQuality "1"]
[TimeControl "40/5400+30:1800+30"]

1. e4 c5 2. Nc3 Nc6 3. g3 g6 4. Bg2 Bg7 5. d3 d6 6. f4 e6 7. Nf3 Nge7 8. O-O O-O 9. Rb1 Rb8 10. Be3 Nd4 11. Ne2 Nxf3+ 12. Bxf3 b6 13. c3 d5 {[%emt 0:07:27] B25: Closed Sicilian: 3 g3, lines without early Be3} 14. e5 Nc6 $146 ({Predecessor:} 14... d4 15. cxd4 Nf5 16. Bf2 cxd4 17. Qa4 Bb7 18. Bxb7 Rxb7 19. Rfc1 Rd7 20. Rc6 h5 21. Rbc1 {1-0 (37) Pieper Emden,C (2365)-Euler,G (2325) Germany 1994}) 15. g4 Qe7 16. g5 Bb7 17. Kg2 b5 18. d4 cxd4 19. cxd4 Rfc8 20. h4 b4 21. b3 a5 22. h5 Ba6 23. hxg6 fxg6 24. Rh1 Na7 25. Ng1 Nb5 26. Rb2 Rc3 27. Qe1 Rbc8 28. Bd1 Na3 29. Bd2 R3c7 30. Qh4 Bf8 31. Nh3 Bd3 32. Nf2 Bf5 33. Be3 Nc2 34. Bxc2 Rxc2 35. Rhb1 R8c3 36. Qg3 Qb7 37. Kg1 Qa6 38. Nd1 Rc6 39. Qf3 Be4 40. Qg4 Bf5 41. Qf3 Be4 42. Qg4 Kf7 43. Qh4 Qe2 44. Rxc2 Rxc2 45. Bf2 Qf3 46. Ne3 Rxf2 47. Rc1 Rg2+ 48. Kh1 Rg4+ 49. Kh2 Rxh4+ 50. Kg1 Rh1# 0-1

[Event "WYCC 2018 G14"]
[Site "Halkidiki"]
[Date "2018.10.21"]
[Round "2"]
[White "Gabbani, Sara"]
[Black "Alimova, Sevinch"]
[Result "1/2-1/2"]
[ECO "B23"]
[WhiteElo "1764"]
[BlackElo "1596"]
[Annotator "NA"]
[PlyCount "91"]
[EventDate "2018.10.20"]
[EventType "swiss"]
[EventCountry "GRE"]
[SourceTitle "playchess.com"]
[Source "ChessBase"]
[SourceQuality "1"]
[TimeControl "40/5400+30:1800+30"]

1. e4 c5 2. Nc3 e6 3. Nge2 Nc6 4. g3 d5 5. exd5 exd5 6. d4 Be6 7. Bg2 cxd4 8. Nxd4 Bb4 9. O-O Bxc3 10. bxc3 Nge7 11. Nxe6 fxe6 12. Qh5+ g6 13. Qg4 Nf5 14. Re1 Qd7 15. Ba3 O-O-O 16. Qa4 Nd6 17. Bc5 b6 18. Bh3 Nf5 19. Be3 Na5 20. Qb4 Qc6 21. Bf4 Rhe8 22. Bf1 Nc4 23. a4 a5 24. Qb3 Nfd6 25. Rab1 Kb7 26. f3 Ka7 27. Bxd6 Rxd6 28. Bxc4 dxc4 29. Qb5 Qxb5 30. Rxb5 Rd2 31. Rb2 Rd6 32. Re4 Rc8 33. Kf2 Rc5 34. Ke2 Kb7 35. Rb1 Rcd5 36. Rb2 Rc5 37. h4 Kc6 38. Rd4 Rxd4 39. cxd4 c3 40. Rb3 Rc4 41. Ra3 Kd5 42. Kd3 Rxd4+ 43. Kxc3 Kc5 44. Ra1 Rc4+ 45. Kd3 Rd4+ 46. Kc3 1/2-1/2

[Event "WYCC 2018 G14"]
[Site "Halkidiki"]
[Date "2018.10.21"]
[Round "2"]
[White "Vuong, Quynh Anh"]
[Black "Mironenko, Galina"]
[Result "1/2-1/2"]
[ECO "A05"]
[WhiteElo "1747"]
[BlackElo "2053"]
[Annotator "NA"]
[PlyCount "194"]
[EventDate "2018.10.20"]
[EventType "swiss"]
[EventCountry "GRE"]
[SourceTitle "playchess.com"]
[Source "ChessBase"]
[SourceQuality "1"]
[TimeControl "40/5400+30:1800+30"]

1. Nf3 Nf6 2. g3 e6 3. Bg2 Be7 4. O-O O-O 5. c4 d5 6. d4 b6 7. cxd5 exd5 8. Nc3 Bb7 9. Ne5 Na6 10. Bf4 Qc8 {[%emt 0:01:46] E18: Queen's Indian: Old Main Line (4 g3 Bb7 5 Bg2 Be7 6 0-0 0-0 7 Nc3)} (10... c5 11. Rc1 Ne4 12. Nxe4 dxe4 13. dxc5 Nxc5 14. Qc2 Rc8 15. Rcd1 Qe8 16. Bh3 Ne6 17. Qb3 Nc5 18. Qa3 Na4 19. Qe3 f5 20. Rd4 Kh8 21. Nd7 Rf7 22. Rxa4 Qxd7 23. Rxa7 {1-0 (40) Cheparinov,I (2682)-Tiviakov,S (2611) Antofagasta 2016}) 11. Qb3 Qe6 12. Rad1 Rfd8 13. Rfe1 c5 14. Nb5 $146 ({Predecessor:} 14. e4 dxe4 15. Qxe6 fxe6 16. Nxe4 Nxe4 17. Bxe4 Bxe4 18. Rxe4 Rac8 19. Nf3 Bf6 20. Be5 {½-½ (21) Daverkausen,B (2285)-Zsinka,L (2355) Oberwart 1992}) 14... Bf8 15. Qc2 g6 16. dxc5 bxc5 17. Nd3 Qb6 18. Nc3 Rac8 19. Bh3 Ra8 20. Na4 Qc6 21. Ne5 Qe8 22. b3 Ne4 23. Bg2 Bg7 24. Bxe4 Bxe5 25. Bf3 Bxf4 26. gxf4 Rac8 27. Nc3 Qe6 28. Qd2 Nc7 29. e3 Qf6 30. Bg2 Ba8 31. Qc2 Qe6 32. Na4 Na6 33. Rd2 d4 34. Bxa8 Rxa8 35. Qd1 Qf6 36. Qe2 Re8 37. Rc1 Qe6 38. Nxc5 Nxc5 39. Rxc5 dxe3 40. fxe3 Qxe3+ 41. Qxe3 Rxe3 42. Rc7 Re4 43. Rf2 a5 44. Rc4 Re1+ 45. Kg2 Kg7 46. Kf3 Rae8 47. Ra4 R1e3+ 48. Kg2 Ra8 49. Rc2 Re6 50. Rc5 Rea6 51. Kf3 h6 52. Rd4 Rb6 53. Ra4 Rba6 54. Rd5 Kf6 55. h4 Ke6 56. Re5+ Kf6 57. Ke4 R6a7 58. Rd5 Ra6 59. Kd4 Ke6 60. Re5+ Kf6 61. Kc4 R6a7 62. Kc3 Ra6 63. Rc4 Kg7 64. Rcc5 Kf6 65. Kc4 Kg7 66. Red5 Rf6 67. Rd4 Rb6 68. Kd3 Kf6 69. Ra4 Rba6 70. Ke4 Re8+ 71. Kf3 Rea8 72. Rac4 Kg7 73. Rc6 R6a7 74. Rc8 Rxc8 75. Rxc8 Kf6 76. Rc5 Ke6 77. Ke4 Kd6 78. Kd4 f6 79. Rd5+ Ke6 80. Rb5 Rd7+ 81. Ke3 Ra7 82. f5+ Kf7 $2 (82... gxf5 $11 {and Black is okay.} 83. Kf4 Ra6) 83. fxg6+ Kxg6 84. Kf4 h5 85. Rc5 Ra6 86. Ke4 Rb6 87. Kd3 Rb4 88. Rxa5 Rxh4 89. Ra8 Rh1 90. Ke3 Kg5 91. Kf3 h4 92. Rg8+ Kf5 93. Rh8 Kg5 94. Kg2 Rb1 95. Rg8+ Kf4 96. Kh3 Rh1+ $18 (96... Kf3 $15 {keeps the upper hand.} 97. Rg2 f5) 97. Kg2 Rb1 1/2-1/2

[Event "WYCC 2018 G14"]
[Site "Halkidiki"]
[Date "2018.10.21"]
[Round "2"]
[White "Mocanu, Paula"]
[Black "Caglar, Sila"]
[Result "0-1"]
[ECO "B54"]
[WhiteElo "1680"]
[BlackElo "2184"]
[Annotator "NA"]
[PlyCount "64"]
[EventDate "2018.10.20"]
[EventType "swiss"]
[EventCountry "GRE"]
[SourceTitle "playchess.com"]
[Source "ChessBase"]
[SourceQuality "1"]
[TimeControl "40/5400+30:1800+30"]

1. e4 c5 2. Nf3 d6 3. d4 cxd4 4. Nxd4 Nf6 5. f3 e5 {[%emt 0:00:00] LiveBook: 1103 Games} 6. Nb3 a5 7. a4 d5 8. Bg5 Be6 9. Bb5+ Nc6 10. Qe2 Bb4+ 11. c3 $11 Be7 12. exd5 Qxd5 13. c4 Qd6 14. N1d2 O-O 15. O-O Rfd8 16. Ne4 Nxe4 17. Bxe7 Qxe7 18. Qxe4 Qb4 19. Ra3 g6 20. Bxc6 bxc6 21. Rc1 Qb6+ 22. Kh1 f6 23. c5 Qb4 24. Qxc6 Bxb3 25. Qxf6 Qxc5 26. Rg1 Bf7 27. Rc3 Qd6 28. Qg5 Rac8 29. Re3 Rc5 30. Qh6 Qd2 31. Qg5 Rd3 32. Qe7 Qxe3 0-1

[Event "WYCC 2018 G14"]
[Site "Halkidiki"]
[Date "2018.10.21"]
[Round "2"]
[White "Figueroa Bernal, Julia Dennis"]
[Black "Stepanyan, Eva"]
[Result "1-0"]
[ECO "B12"]
[WhiteElo "1650"]
[BlackElo "1981"]
[Annotator "NA"]
[PlyCount "141"]
[EventDate "2018.10.20"]
[EventType "swiss"]
[EventCountry "GRE"]
[SourceTitle "playchess.com"]
[Source "ChessBase"]
[SourceQuality "1"]
[TimeControl "40/5400+30:1800+30"]

1. e4 c6 2. d4 d5 3. e5 Bf5 4. Nf3 e6 5. Be2 Nd7 6. O-O h6 7. Nbd2 Ne7 {[%emt 0:02:17] B12: Caro-Kann: Advance Variation} 8. Nb3 g5 (8... Bg6 9. a4 a5 10. c3 Nf5 11. Ne1 Be7 12. Nd3 O-O 13. f4 b6 14. g4 Nh4 {1-0 (41) Rodshtein,M (2678)-Riazantsev,A (2662) Sochi 2018}) 9. Bd2 Qc7 10. Bb4 Ng6 11. Bxf8 Kxf8 12. Ne1 $146 ({Predecessor:} 12. Bd3 Bxd3 13. Qxd3 Kg7 14. c4 dxc4 15. Qxc4 {1-0 (76) Mkrtchian,L (2402)-Kadimova,I (2287) Heraklio 2007}) 12... Nf4 13. Bg4 Bxg4 14. Qxg4 f5 15. Qd1 Ke7 16. Nd3 Ng6 17. Qe1 Rae8 18. a4 f4 19. a5 Kf7 20. Qc3 Kg7 21. Nbc5 Nxc5 22. dxc5 a6 23. Rfe1 Ref8 24. Qb4 Rf5 25. Qb6 Qd7 26. Ra3 h5 27. Rb3 Rf7 28. Ra1 Rc8 29. Ra4 Rc7 30. Qb4 Rf5 31. Qd4 Kh7 32. Rab4 Qg7 33. Qc3 Rd7 34. Kf1 Kg8 35. Rb6 d4 36. Qc4 Qe7 37. Qb4 Rf7 38. Qc4 Rh7 39. Qb4 g4 40. Qe1 Rf7 41. Qe4 Kg7 42. R3b4 Qd8 43. Rb3 g3 44. h3 (44. fxg3 {was necessary.} fxg3+ 45. Kg1) 44... gxf2 45. Nxf2 Nh4 46. Qe2 (46. g3 $142 fxg3 47. Rxg3+ Kh8 48. Ke1) 46... Qg5 47. Ne4 Qxe5 48. Nd6 Qxe2+ 49. Kxe2 d3+ 50. Rxd3 Rfe7 51. Ne8+ Kf8 52. Rxd7 Rxd7 53. Nd6 Nxg2 (53... Rg7 $1 $11) 54. Nxb7 Nh4 $2 (54... Ne3) 55. Nd6 f3+ 56. Kf2 Nf5 57. Rxc6 Nxd6 58. Rxd6 Rc7 59. b4 Rf7 60. Rxe6 Rf4 61. c3 Rc4 62. Rxa6 Rxc3 63. Rb6 Ke7 64. a6 Ra3 65. b5 Kd7 66. Rb7+ Ke6 $18 67. c6 Kd6 68. a7 h4 69. c7 Kd7 70. c8=Q+ Kxc8 71. Rb8+ 1-0

[Event "WYCC 2018 G14"]
[Site "Halkidiki"]
[Date "2018.10.21"]
[Round "2"]
[White "Yellamraju, Ambica"]
[Black "Rodriguez Redondo, Adhara"]
[Result "0-1"]
[ECO "E09"]
[WhiteElo "1647"]
[BlackElo "1911"]
[Annotator "NA"]
[PlyCount "190"]
[EventDate "2018.10.20"]
[EventType "swiss"]
[EventCountry "GRE"]
[SourceTitle "playchess.com"]
[Source "ChessBase"]
[SourceQuality "1"]
[TimeControl "40/5400+30:1800+30"]

1. d4 d5 2. c4 e6 3. Nf3 Nf6 4. g3 Be7 5. Bg2 Nbd7 6. Qc2 O-O 7. O-O c6 8. Nbd2 b6 9. e4 Bb7 10. e5 Ne8 11. cxd5 cxd5 12. Re1 Rc8 13. Qa4 {[%emt 0:01:03] E09: Closed Catalan: Main Line: 7 Qc2 c6 8 Nbd2} (13. Qd1 Qc7 14. Nb1 b5 15. Bf1 b4 16. Bd3 h6 17. Bf4 Qb6 18. Nbd2 Ba6 19. Bc2 f5 20. exf6 Rxf6 {1-0 (32) Gelfand,B (2729)-Stupak,K (2573) Tbilisi 2017}) 13... Bc6 14. Qb3 a5 15. Bf1 a4 16. Qd1 Nb8 $146 ({Predecessor:} 16... b5 17. Bd3 b4 18. Nf1 Nb6 19. b3 h6 20. Ne3 Ra8 {1-0 (54) Whaley,M (2328)-Kiss,A (2472) ICCF email 2012}) 17. Bd3 Qd7 18. Nf1 Bb5 19. Bb1 Nc6 20. Bg5 g6 21. Bxe7 Qxe7 22. Qd2 Kg7 23. Qf4 Bxf1 24. Kxf1 Nc7 25. a3 Na5 26. Bd3 b5 27. h4 h5 28. Kg2 Nc4 29. Re2 Na6 30. Ng5 Rc7 31. g4 Rh8 32. Bxc4 bxc4 33. Re3 Rb7 34. Rf3 Nb8 35. Qg3 Qe8 36. Qf4 Qe7 37. Rg1 Nc6 38. Kh3 Rb3 39. Rgg3 Rxf3 40. Rxf3 Nd8 41. Qg3 hxg4+ 42. Qxg4 Rh6 43. Kg2 Qe8 44. Nh3 Qe7 45. Rf6 Qe8 {[%emt 0:03:37] [#]} 46. Nf4 $1 Nc6 47. Ne2 Ne7 48. Ng3 $1 Ng8 49. Rf4 Qe7 50. Kf1 $2 (50. h5 $11) 50... Kh7 (50... Rh8 $17 51. Kg2 Nh6) 51. Qf3 Kg7 52. h5 Qb7 53. Qe2 Qb3 54. Rf3 Qb7 ({Black should play} 54... Qa2 $17 55. Kg2 Qb1) 55. hxg6 fxg6 56. Qc2 Qb5 57. Qc3 Ne7 58. Rf6 g5 59. Rxh6 Kxh6 60. Kg2 Ng6 61. Ne2 Nh4+ 62. Kh2 Qe8 63. Qh3 Qf7 64. f4 Kg6 65. Qg4 Qf5 66. Qxg5+ Qxg5 67. fxg5 Kxg5 68. Kg3 Nf5+ 69. Kf3 Nh4+ 70. Ke3 Ng2+ 71. Kd2 Kf5 72. Nc3 Nf4 73. Nb5 Ke4 74. Kc3 Ne2+ 75. Kb4 Nxd4 76. Nc3+ Kxe5 77. Kxa4 Kd6 78. Kb4 Kc6 79. a4 (79. Nd1 $142 Kb6 80. Nf2) 79... Nc2+ 80. Ka5 e5 81. Ka6 d4 82. Ne4 Nb4+ 83. Ka7 $1 Kd5 84. Nf6+ Kc6 $2 (84... Ke6 $19 85. Nh7 Kf5) 85. Ne4 d3 86. a5 Kb5 87. Nd6+ Kxa5 88. Nxc4+ Kb5 89. Ne3 Kc5 90. b3 d2 91. Nd1 e4 92. Kb7 Nc2 93. Nc3 e3 94. Ka6 Kd4 95. Nd1 e2 0-1

[Event "WYCC 2018 G14"]
[Site "Halkidiki"]
[Date "2018.10.21"]
[Round "2"]
[White "Desai, Nilomi"]
[Black "Toncheva, Nadya"]
[Result "0-1"]
[ECO "D20"]
[WhiteElo "1606"]
[BlackElo "2002"]
[Annotator "NA"]
[PlyCount "116"]
[EventDate "2018.10.20"]
[EventType "swiss"]
[EventCountry "GRE"]
[SourceTitle "playchess.com"]
[Source "ChessBase"]
[SourceQuality "1"]
[TimeControl "40/5400+30:1800+30"]

1. d4 {[%emt 0:00:00] Fier,A} d5 2. c4 dxc4 3. e3 e5 4. Bxc4 exd4 5. exd4 Bd6 6. Nc3 Nf6 7. Nf3 O-O 8. O-O Nc6 9. h3 h6 10. Qc2 {[%emt 0:00:57] D20: Queen's Gambit Accepted: 3 e3 and 3 e4} Nb4 11. Qb1 c6 12. Bxh6 gxh6 13. Qg6+ Kh8 14. Qxh6+ Nh7 {[%emt 0:02:26] [#]} 15. a3 $146 ({Predecessor:} 15. Ne4 Be7 16. Ne5 Nd5 17. f4 Bf5 {1-0 (28) Fier,A (2589)-Semcesen,D (2480) Koge 2014 EXT 2015 [Fier,A]}) 15... Nd5 16. Nxd5 cxd5 17. Bd3 f5 18. Rae1 Qf6 19. Qh5 ({White should try} 19. Qxf6+ $1 $15 Nxf6 20. Nh4) 19... Bd7 20. Nh4 Kg7 21. g4 Qg5 22. f4 Qxh5 23. gxh5 Kf6 24. Ng6 Rg8 25. Kh1 $19 (25. Kf2 $142) 25... Be8 26. Rg1 Bxg6 27. Rxg6+ Rxg6 28. hxg6 Nf8 29. g7 Ne6 30. Rg1 Nxg7 31. Kg2 Bxf4 32. Kf3 Bd6 33. Bc2 Ne6 34. Ke3 Rh8 35. Rh1 Rh4 36. Bb3 Rxd4 37. h4 Re4+ 38. Kd2 Bf4+ 39. Kd1 Nc5 40. Bc2 Rd4+ 41. Ke1 Bg3+ 42. Ke2 Rxh4 43. Rf1 f4 44. b4 Rh2+ 45. Kd1 Ne4 46. Kc1 Ke5 47. Rd1 f3 48. Rf1 f2 49. Bxe4 Bf4+ 50. Kd1 dxe4 51. Ke2 e3 52. Kf3 Rh3+ 53. Ke2 Ke4 54. a4 Rg3 55. b5 Rg1 56. a5 Rxf1 57. Kxf1 Kf3 58. b6 e2# 0-1

[Event "WYCC 2018 G14"]
[Site "Halkidiki"]
[Date "2018.10.21"]
[Round "2"]
[White "Tryggestad, Linnea Garberg"]
[Black "Bellahcene, Sofia"]
[Result "0-1"]
[ECO "D45"]
[WhiteElo "1604"]
[BlackElo "1764"]
[Annotator "NA"]
[PlyCount "100"]
[EventDate "2018.10.20"]
[EventType "swiss"]
[EventCountry "GRE"]
[SourceTitle "playchess.com"]
[Source "ChessBase"]
[SourceQuality "1"]
[TimeControl "40/5400+30:1800+30"]

1. d4 d5 2. c4 e6 3. Nc3 Nf6 4. e3 c6 5. Nf3 Nbd7 6. cxd5 exd5 7. Bd3 Bd6 8. O-O O-O 9. Bd2 Re8 10. Qc2 g6 11. Rfe1 Bc7 12. Ne2 Ne4 13. Ng3 Ndf6 14. Bc3 Nxg3 15. hxg3 Ne4 16. Nd2 f5 17. Nf3 Qe7 18. Kh2 h5 19. Bxe4 fxe4 20. Ne5 h4 21. gxh4 Qxh4+ 22. Kg1 Bxe5 23. dxe5 Re7 24. g3 Qg4 25. Qe2 Qxe2 26. Rxe2 Bg4 27. f3 Bxf3 28. Rh2 Rh7 29. Rxh7 Kxh7 30. Rc1 g5 31. Bd4 Kg6 32. Rc3 Kf5 33. Ra3 b6 34. Bxb6 Rh8 35. Bd4 Kg4 36. Kf2 Rh2+ 37. Ke1 Re2+ 38. Kd1 Rxe3+ 39. Kd2 Rxa3 40. bxa3 Kxg3 41. Bxa7 Kf4 42. e6 Bh5 43. Bc5 Ke5 44. e7 d4 45. a4 Kd5 46. Bb6 e3+ 47. Kc1 c5 48. a5 d3 49. e8=Q d2+ 50. Kb2 Bxe8 0-1

[Event "WYCC 2018 G14"]
[Site "Halkidiki"]
[Date "2018.10.21"]
[Round "2"]
[White "Woods, Charisse"]
[Black "Guillo Longares, Cecilia"]
[Result "0-1"]
[ECO "B35"]
[WhiteElo "1511"]
[BlackElo "1998"]
[Annotator "NA"]
[PlyCount "111"]
[EventDate "2018.10.20"]
[EventType "swiss"]
[EventCountry "GRE"]
[SourceTitle "playchess.com"]
[Source "ChessBase"]
[SourceQuality "1"]
[TimeControl "40/5400+30:1800+30"]

1. e4 c5 2. Nf3 Nc6 3. d4 cxd4 4. Nxd4 g6 5. Nc3 {[%emt 0:00:04] LiveBook: 6090 Games} Bg7 6. Be3 Nf6 7. Bc4 O-O 8. Bb3 Re8 {[%emt 0:00:34] B35: Sicilian: Accelerated Dragon with 5 Nc3: main line} 9. O-O (9. f3 e6 10. f4 d6 11. Ndb5 Bf8 12. Qf3 a6 13. Nd4 Na5 14. O-O b5 15. f5 exf5 16. exf5 {½-½ (39) Navara,D (2745)-Mamedov,R (2704) Shamkir 2018}) 9... d6 10. h3 Na5 11. Qd3 Nxb3 12. axb3 b6 13. Rfd1 $146 ({Predecessor:} 13. Nd5 Bb7 14. c4 e6 15. Nxf6+ Bxf6 16. Nb5 {½-½ (42) Ma,Q (2606)-Cornette,M (2591) Auckland 2016}) 13... Bb7 14. Ndb5 a6 15. Nd4 Nd7 16. Qe2 b5 17. b4 Nb6 (17... Qc8 $15) 18. b3 (18. Ndxb5 $1 $14 Rc8 19. Na3) 18... Rc8 19. Qd3 Nd7 20. f4 Nb8 (20... e5 $142 21. fxe5 Bxe5) 21. Nce2 Qc7 22. Rac1 e5 23. Nf3 exf4 24. Bxf4 Bxe4 25. Qd2 Qb7 26. Ned4 Qb6 27. Kh1 d5 28. c3 Nc6 29. Ne2 Qd8 30. Ng3 Qe7 31. Re1 Qb7 32. Ng5 Nd8 33. Re3 f5 34. h4 Ne6 35. Nxe6 Rxe6 36. h5 $2 (36. Ne2 $17 {is a better defense.}) 36... Qe7 37. Nxe4 dxe4 38. h6 Rd8 39. Qf2 Bf6 40. Rg1 g5 41. Rg3 Kh8 42. Bc1 f4 43. Rh3 e3 44. Qe2 Bxc3 45. Rh5 Qe8 46. Bb2 Be5 47. Bc1 Rdd6 48. Rd1 Rxh6 49. Rxh6 Rxh6+ 50. Kg1 Rd6 51. Rf1 Kg7 52. g3 Rh6 53. Qg4 e2 54. Re1 Bd4+ 55. Kg2 Qe4+ 56. Qf3 0-1

[Event "WYCC 2018 G14"]
[Site "Halkidiki"]
[Date "2018.10.21"]
[Round "2"]
[White "Sadka Darrell, Daria"]
[Black "Brunner, Sophia"]
[Result "0-1"]
[ECO "C05"]
[WhiteElo "1405"]
[BlackElo "1812"]
[Annotator "NA"]
[PlyCount "96"]
[EventDate "2018.10.20"]
[EventType "swiss"]
[EventCountry "GRE"]
[SourceTitle "playchess.com"]
[Source "ChessBase"]
[SourceQuality "1"]
[TimeControl "40/5400+30:1800+30"]

1. e4 e6 2. d4 d5 3. Nd2 Nf6 4. e5 Nfd7 5. Bd3 c5 6. c3 Nc6 7. Ngf3 Qb6 8. O-O cxd4 9. cxd4 Nxd4 10. Nxd4 Qxd4 11. Nf3 Qb6 12. Qa4 a6 13. a3 g6 14. Bd2 Qc6 15. Qf4 Bg7 16. Be3 b6 17. Bd4 O-O 18. Rac1 Nc5 19. Qe3 Qd7 20. Bxc5 bxc5 21. Rxc5 Bb7 22. Nd4 Rfc8 23. Rxc8+ Rxc8 24. f4 Bf8 25. Qd2 Bc5 26. Bb1 Qa4 27. b4 Bb6 28. Kh1 Qxa3 29. f5 Bxd4 30. fxg6 Be3 31. gxf7+ Kf8 32. Qe2 Rc1 33. Bd3 Rxf1+ 34. Qxf1 Qc1 35. Qxc1 Bxc1 36. Bxh7 Kxf7 37. h4 Bf4 38. g4 Bxe5 39. g5 Bg3 40. h5 Bf4 41. g6+ Kg7 42. Kg2 Bd2 43. Kf3 Bxb4 44. Kf4 Bc3 45. Kg5 Bd2+ 46. Kg4 a5 47. h6+ Bxh6 48. Kh5 a4 0-1